 Dungeon Crawl Stone Soup version 0.32-a0-422-g28b100f618 (webtiles) character file.

Game seed: 9594073545663761619

2377 Dittersdorf the Covered (level 9, -4/57 HPs)
             Began as a Gargoyle Fighter on Feb 21, 2024.
             Was an Initiate of Gozag.
             Slain by a two-headed ogre
             ... wielding a +0 dire flail
              (11 damage)
             ... on level 8 of the Dungeon.
             The game lasted 00:08:10 (7092 turns).

Dittersdorf the Covered (Gargoyle Fighter)          Turns: 7092, Time: 00:08:11

Health: -4/57      AC: 22    Str: 24    XL:     9   Next: 45%
Magic:  18/18      EV:  7    Int:  9    God:    Gozag
Gold:   409        SH:  6    Dex: 15    Spells: 8/8 levels left

rFire   . . .        l - +2 flail (holy)
rCold   . . .        c - +0 buckler
rNeg    + . .        r - +0 plate armour
rPois   ∞            (no helmet)
rElec   +            q - +1 cloak
rCorr   .            (no gloves)
SInv    .            (no boots)
Will    .....        w - amulet of regeneration Stlth
                     n - ring of magical power
HPRegen 1.09/turn    v - +6 ring of dexterity
MPRegen 0.16/turn

%: no passive effects
@: no status effects
A: sickness immunity, AC +6, negative energy resistance 1, electricity
resistance, torment resistance 1, petrification resistance
a: Renounce Religion, Potion Petition, Call Merchant, Bribe Branch


You were on level 8 of the Dungeon.
You worshipped Gozag.
Gozag was aware of your devotion.
You visited 2 branches of the dungeon, and saw 9 of its levels.

You collected 945 gold pieces.
You spent 450 gold pieces at shops.
You paid 86 gold pieces to Gozag.

Inventory:

Hand Weapons
 l - a +2 flail of holy wrath (weapon)
 u - a +0 morningstar
Armour
 c - a +0 buckler (worn)
 q - a +1 cloak (worn)
 r - a +0 plate armour (worn)
Jewellery
 n - a ring of magical power (left hand)
 t - a ring of wizardry
 v - a +6 ring of dexterity (right hand)
 w - an amulet of regeneration (around neck)
Wands
 s - a wand of digging (1) (quivered)
Scrolls
 f - 5 scrolls of fear
 h - a scroll of fog
 i - 4 scrolls of teleportation
 o - a scroll of silence
 x - a scroll of enchant weapon
 y - a scroll of vulnerability {unknown}
Potions
 a - a potion of resistance
 b - a potion of haste {unknown}
 d - 3 potions of might
 e - a potion of curing {unknown}
 g - 3 potions of enlightenment {unknown}
 j - a potion of degeneration {unknown}
 k - 3 potions of invisibility {unknown}
 m - 2 potions of mutation
 p - 2 potions of heal wounds


   Skills:
 + Level 7.5 Fighting
 + Level 6.5 Maces & Flails
 + Level 7.6 Armour
 + Level 7.5 Shields


You had 8 spell levels left.
You didn't know any spells.
Your spell library contained the following spells:

 Spells                   Type           Power      Damage    Failure   Level
 Kiss of Death            Conj/Necr      0%         2d5       99%         1
 Call Imp                 Summ           0%         N/A       100%        2
 Call Canine Familiar     Summ           0%         N/A       100%        3
 Confusing Touch          Hex            0%         N/A       100%        3
 Sigil of Binding         Hex            0%         N/A       100%        3
 Tukima's Dance           Hex            0%         N/A       100%        3
 Dimensional Bullseye     Hex/Tloc       0%         N/A       100%        4
 Dispel Undead            Necr           0%         3d6       100%        4
 Iskenderun's Mystic Bla  Conj/Tloc      0%         2d3       100%        4
 Summon Hydra             Summ           0%         N/A       100%        7
 Sublimation of Blood     Necr           Unusable   N/A       N/A         2

Dungeon Overview and Level Annotations

Branches:
Dungeon (8/15)             Temple (1/1) D:4
   Lair: D:8-11

Altars:
Ashenzari
Cheibriados
Dithmenos
Elyvilon
Fedhas
Gozag
Hepliaklqana
Kikubaaqudgha
Nemelex Xobeh
Okawaru
Ru
Sif Muna
Trog
Uskayaw
Vehumet
Wu Jian
Yredelemnul
Zin
The Shining One

Shops:
D:6 **


Innate Abilities, Weirdness & Mutations

You are immune to sickness and miasma.
Your stone body is resilient. (AC +6)
You are immune to poison.
You resist negative energy. (rN+)
You are resistant to electric shocks. (rElec)
You are resistant to unholy torment.
You are immune to petrification.


Message History

There is an escape hatch in the floor here.
The bullfrog hits you but does no damage.
There is a stone staircase leading up here.
The bullfrog hits you but does no damage. x2
You climb upwards.
There is a stone staircase leading down here.
You thump the bullfrog!
You kill the bullfrog!
You now have 409 gold pieces (gained 8).
There is a stone staircase leading down here.
You start resting.
HP restored.
You climb downwards.
The two-headed ogre hits you with a +0 dire flail!
The two-headed ogre hits you with a +0 giant spiked club.
There is a stone staircase leading up here.
You barely miss the two-headed ogre.
The two-headed ogre is moderately wounded.
The two-headed ogre hits you with a +0 dire flail!
The two-headed ogre hits you with a +0 giant spiked club!
* * * LOW HITPOINT WARNING * * *
You barely miss the two-headed ogre.
The two-headed ogre is moderately wounded.
You closely miss the two-headed ogre.
The two-headed ogre is moderately wounded.
The two-headed ogre hits you but does no damage.
You block the two-headed ogre's attack.
You sock the two-headed ogre!
The two-headed ogre is heavily wounded.
The two-headed ogre hits you with a +0 dire flail!
* * * LOW HITPOINT WARNING * * *
The two-headed ogre barely misses you.
You hit the two-headed ogre.
The two-headed ogre is severely wounded.
You barely miss the two-headed ogre.
The two-headed ogre is severely wounded.
The two-headed ogre hits you but does no damage.
The two-headed ogre hits you with a +0 giant spiked club!
You die...
Your body crumbles into a pile of gold.

##.F # ###### ##.
#. #....## ##. #.#
#....####..
#..########
#.........#
..........##
#......####
#........###....###
#.....O>...>....##
##...@##.........##
##...#####.......#
##..# ##........#
#.## #...#####..
#.# #..## . #.#
#..# #.# #..# #..
#..# ...#


You could see a two-headed ogre.

Vanquished Creatures
  Jeremiah (D:7)
  Sigmund (D:5)
  Edmund (D:4)
  A water moccasin (D:8)
  An ice beast (D:4)
  A sky beast (D:7)
  3 black bears (D:6)
  2 centaurs
  A phantom (D:4)
  3 bullfrogs
  A scorpion (D:4)
  A howler monkey (D:7)
  2 jellies
  A bombardier beetle (D:5)
  A gnoll bouda (D:6)
  2 hounds
  Crazy Yiuf (D:2)
  A sleepcap (D:5)
  2 orc wizards
  2 iguanas
  9 gnolls
  10 adders
  A shadow imp (D:6)
  3 white imps (D:6)
  2 ufetubi (D:7)
  3 dart slugs
  2 ribbon worms
  12 orcs
  9 ball pythons
  A bat (D:2)
  7 endoplasms
  4 giant cockroaches
  4 goblins
  8 hobgoblins
  9 kobolds
  5 quokkas
  2 frilled lizards
  7 rats
127 creatures vanquished.

Notes
Turn   | Place    | Note
-------+----------+-------------------------------------------
     0 | D:1      | Dittersdorf the Gargoyle Fighter began the quest for the
                  | Orb.
     0 | D:1      | Reached XP level 1. HP: 14/14 MP: 1/1
   171 | D:1      | Reached XP level 2. HP: 19/19 MP: 2/2
   465 | D:1      | Reached XP level 3. HP: 23/23 MP: 3/3
  1090 | D:2      | Reached XP level 4. HP: 26/29 MP: 4/4
  1167 | D:2      | Reached XP level 5. HP: 33/33 MP: 5/5
  1715 | D:2      | Found a runed translucent door.
  1716 | D:2      | Noticed Crazy Yiuf
  1888 | D:2      | Killed Crazy Yiuf
  2177 | D:2      | HP: 1/34 [adder (2)]
  2368 | D:2      | Reached XP level 6. HP: 23/39 MP: 6/6
  2567 | D:3      | Found a radiant altar of Vehumet.
  2630 | D:3      | Found a faded altar of an unknown god.
  2711 | D:3      | Found a shadowy altar of Dithmenos.
  2715 | D:3      | Found an ancient bone altar of Kikubaaqudgha.
  3429 | D:4      | Found a staircase to the Ecumenical Temple.
  3435 | Temple   | Entered the Ecumenical Temple
  3451 | Temple   | Became a worshipper of Gozag Ym Sagoz the Greedy
  3722 | D:4      | Reached skill level 5 in Fighting
  3722 | D:4      | Reached skill level 5 in Armour
  3722 | D:4      | Reached skill level 5 in Shields
  3923 | D:4      | Reached XP level 7. HP: 44/44 MP: 7/7
  3999 | D:4      | Found a hazy altar of Hepliaklqana.
  4059 | D:4      | Noticed Edmund
  4092 | D:4      | HP: 2/44 [Edmund/+2 flail of holy wrath (8)]
  4093 | D:4      | Killed Edmund
  4410 | D:5      | Entered Level 5 of the Dungeon
  4844 | D:5      | Noticed Sigmund
  4875 | D:5      | Killed Sigmund
  4876 | D:5      | Reached XP level 8. HP: 47/51 MP: 8/8
  5364 | D:5      | Reached skill level 5 in Maces & Flails
  5851 | D:6      | Found Gerphifu's Specific Store.
  5862 | D:6      | Found Ite Meuh's General Store.
  5889 | D:6      | Bought an amulet of regeneration for 360 gold pieces
  6047 | D:6      | Bought a scroll of enchant weapon for 90 gold pieces
  6212 | D:6      | Found a snail-covered altar of Cheibriados.
  6251 | D:7      | Reached XP level 9. HP: 56/56 MP: 9/9
  6545 | D:7      | Noticed Jeremiah
  6615 | D:7      | Killed Jeremiah
  6742 | D:7      | Found a sacrificial altar of Ru.
  7021 | D:8      | Noticed a two-headed ogre
  7092 | D:8      | Slain by a two-headed ogre

Illustrated notes

Levels and vault maps discovered:
D:1:      co_arrival_random_square_maze, layout_basic
D:2:      layout_basic, serial_corexii_hall, corexii_hall_statues_s,
          corexii_hall_statues_t, corexii_hall_statues_x,
          corexii_hall_statues_x, uniq_crazy_yiuf_cottage
D:3:      layout_rooms, nicolae_vehumet_radiance, grunt_temple_overflow_open,
          ebering_ecumenical_altar_mist, chequers_big_river
D:4:      layout_loops_corners, amcnicky_altar_gilded,
          minmay_temple_entry_fiery, uniq_edmund
D:5:      layout_cave_pools, uniq_sigmund
D:6:      layout_gridville, lemuel_coloured_pillars_altar,
          nicolae_specific_store
D:7:      layout_basic, overflow_temple_1_default, uniq_jeremiah
D:8:      layout_layer_cave, lemuel_crystal_altar, ebering_ghost_inner_flame
Temple:   dshaligram_water_room_temple

Skill      XL: |  1  2  3  4  5  6  7  8  9 |
---------------+----------------------------+-----
Armour         | 4 5 6 7 |  7.6
Fighting       | 4 5 6 7 |  7.5
Shields        | 4 5 6 7 |  7.5
Maces & Flails | 3 4 5 6 |  6.5

Action                     |  1- 3 |  4- 6 |  7- 9 || total
---------------------------+-------+-------+-------++-------
  Melee: Flail             |    62 |   195 |   303 ||   560
  Evoke: Wand              |       |       |     7 ||     7
    Use: Scroll            |       |     9 |     3 ||    12
   Stab: Distracted        |       |       |     2 ||     2
 Armour: Scale mail        |    44 |   111 |       ||   155
         Chain mail        |       |    68 |   221 ||   289
         Plate armour      |       |       |    98 ||    98
  Dodge: Dodged            |    19 |    89 |   121 ||   229
  Block: Buckler           |    11 |    55 |    84 ||   150

Table legend: (Time is in decaauts)
 A = Elapsed time spent in this place.
 B = Non-inter-level travel time spent in this place.
 C = Inter-level travel time spent in this place.
 D = Time resting spent in this place.
 E = Time spent auto-exploring this place.
 F = Levels seen in this place.
 G = Mean time per level.
                   A        B        C        D        E       F      G
               +--------+--------+--------+--------+--------+-----+--------+
         Total |   7231 |   6779 |    452 |    641 |   4647 |   9 |  803.4 |
       Dungeon |   7198 |   6776 |    422 |    641 |   4647 |   8 |  899.8 |
        Temple |     32 |      2 |     30 |      0 |      0 |   1 |   32.0 |
               +--------+--------+--------+--------+--------+-----+--------+

Top non-repeatable levels by time:
     D:4: 1490 daAuts
     D:2: 1396 daAuts
     D:1: 884 daAuts
     D:3: 882 daAuts
     D:5: 859 daAuts
     D:6: 822 daAuts
     D:7: 750 daAuts
     D:8: 111 daAuts
  Temple: 32 daAuts
